 Dungeon Crawl Stone Soup version 0.28.0-53-g5a82cb258f (webtiles) character file.

Game seed: 5510358652252454172

525 issech the Covered (level 7, -1/60 HPs)
             Began as a Minotaur Monk on June 1, 2022.
             Slain by zoutzakje's ghost (7 damage)
             ... on level 3 of the Dungeon.
             The game lasted 00:09:08 (4470 turns).

issech the Covered (Minotaur Monk)                  Turns: 4470, Time: 00:09:08

Health: -1/60      AC:  9    Str: 15    XL:     7   Next: 2%
Magic:  6/6        EV:  8    Int:  7    God:
Gold:   190        SH:  0    Dex: 15    Spells: 6/6 levels left

rFire   . . .      SeeInvis .   k - +2 short sword (venom)
rCold   . . .      Faith    .   (no shield)
rNeg    . . .      Spirit   .   s - +0 chain mail
rPois   .          Reflect  .   (helmet restricted)
rElec   .          Harm     .   (no cloak)
rCorr   .          Rampage  .   (no gloves)
Will    .....                   (no boots)
Stlth   ..........              (no amulet)
HPRegen 0.20/turn               (no ring)
MPRegen 0.10/turn               (no ring)

@: lethally poisoned (-1 -> -20)
A: horns 2, retaliatory headbutt
a: no special abilities


You were on level 3 of the Dungeon.
You visited 1 branch of the dungeon, and saw 6 of its levels.

You collected 190 gold pieces.

Inventory:

Hand Weapons
 a - a +0 hand axe
 j - a +0 quarterstaff
 k - a +2 short sword of venom (weapon)
 m - a +0 long sword
 q - a +0 spear
 v - a +0 war axe
Missiles
 d - 49 sling bullets
 h - 209 stones (quivered)
 i - 77 arrows
 r - 5 boomerangs
Armour
 b - a +0 robe
 f - a +0 ring mail
 p - a +0 leather armour
 s - a +0 chain mail (worn)
Jewellery
 c - a ring of protection from fire
 t - a +4 ring of protection
Scrolls
 e - a scroll of teleportation {unknown}
 g - 2 scrolls of identify {unknown}
 u - a scroll of noise {unknown}
 x - a scroll of fear {unknown}
Potions
 l - a potion of curing
 n - a potion of might {unknown}
 o - a potion of degeneration {unknown}
 w - 2 potions of resistance {unknown}
 z - 2 potions of mutation {unknown}


   Skills:
 + Level 4.5 Fighting
 + Level 3.4 Short Blades
 + Level 4.8 Axes
 + Level 4.9 Armour
 + Level 4.6 Dodging
 + Level 2.2 Stealth


You had 6 spell levels left.
You didn't know any spells.
Your spell library was empty.

Dungeon Overview and Level Annotations

Branches:
Dungeon (6/15)
 Temple: D:4-7

Altars:
Dithmenos
Beogh

Shops:
D:1 [

Annotations:
D:3 zoutzakje's ghost, amateur TrBr


Innate Abilities, Weirdness & Mutations

You have a pair of horns on your head.
You reflexively headbutt those who attack you in melee.


Message History

* * * LOW HITPOINT WARNING * * *
You feel very sick. Zoutzakje's ghost closely misses you.
* * * LOW HITPOINT WARNING * * *
You feel very sick.
Zoutzakje's ghost complains, "You're an easy kill, but not a fun one."
* * * LOW HITPOINT WARNING * * *
You feel very sick.
You closely miss zoutzakje's ghost. You headbutt zoutzakje's ghost!
Zoutzakje's ghost is heavily damaged.
* * * LOW HITPOINT WARNING * * *
You feel very sick. Zoutzakje's ghost hits you.
* * * LOW HITPOINT WARNING * * *
You are more poisoned.
It was a potion of curing.
You feel better. Zoutzakje's ghost hits you.
* * * LOW HITPOINT WARNING * * *
You are lethally poisoned!
You feel better. Zoutzakje's ghost hits you.
* * * LOW HITPOINT WARNING * * *
You are poisoned.
Okay, then.
Okay, then.
You hit zoutzakje's ghost.
Zoutzakje's ghost is heavily damaged.
You feel sick.
Zoutzakje's ghost hits you but does no damage.
You are lethally poisoned!
You closely miss zoutzakje's ghost.
Zoutzakje's ghost is heavily damaged.
* * * LOW HITPOINT WARNING * * *
You feel very sick.
Zoutzakje's ghost hits you but does no damage.
You are more poisoned.
You hit zoutzakje's ghost.
Zoutzakje's ghost is severely damaged.
* * * LOW HITPOINT WARNING * * *
You feel very sick. Zoutzakje's ghost hits you!
You die...

###.##.....# #.#.# #......#
## #.####.### #...#
#.#####. .# #.# #.# ###.#
#....... .# #.# #(# #.#
##.....< .# #.# #(#
#.####.....# ^# #.# #.#
#.#........♣ .# #.# #.#
#.#.##...... .# #.#
#.#########.#.##....♣. .#
#.# #)).W@.<......######♣P
.# #.# ##########..###
#...♣ .# #.# #..# #.### .#
###.#############..######.#
.#
#.........................#
.#
#.#.#############.#########
## #.#.# #.# #####.#.# #.#
......#.# ########.#
#########


You could see zoutzakje's ghost.

Vanquished Creatures
  Eustachio (D:6)
  A water moccasin (D:6)
  An ogre (D:4)
  A jelly (D:6)
  Natasha (thrice) (D:3)
  A howler monkey zombie (D:6)
  An adder (D:2)
  A worm (D:2)
  8 orcs
  3 endoplasms (D:1)
  2 giant cockroaches (D:1)
  A goblin (D:1)
  3 hobgoblins (D:2)
  7 kobolds
  2 quokkas
  7 ball pythons
  2 bats (D:1)
  3 frilled lizards
  3 rats
51 creatures vanquished.

Vanquished Creatures (others)
  5 plants (D:3)
  3 withered plants (D:1)
8 creatures vanquished.

Grand Total: 59 creatures vanquished

Notes
Turn   | Place    | Note
-------+----------+-------------------------------------------
     0 | D:1      | issech the Minotaur Monk began the quest for the Orb.
     0 | D:1      | Reached XP level 1. HP: 19/19 MP: 0/0
   361 | D:1      | Found Caipp's Antique Armour Emporium.
   405 | D:1      | Reached XP level 2. HP: 19/27 MP: 1/1
   766 | D:1      | Found a faded altar of an unknown god.
  1484 | D:2      | Reached XP level 3. HP: 16/33 MP: 2/2
  2504 | D:3      | You fall into a shaft and drop 3 floors!
  2515 | D:6      | Reached skill level 1 in Armour
  2626 | D:6      | Noticed Eustachio
  2646 | D:6      | Killed Eustachio
  2647 | D:6      | Reached skill level 1 in Short Blades
  2647 | D:6      | Reached XP level 4. HP: 9/41 MP: 3/3
  2647 | D:6      | Reached XP level 5. HP: 11/47 MP: 4/4
  2961 | D:6      | Noticed a water moccasin
  2974 | D:6      | Killed a water moccasin
  2975 | D:6      | Reached XP level 6. HP: 34/53 MP: 5/5
  3195 | D:6      | Found a shadowy altar of Dithmenos.
  3232 | D:5      | Entered Level 5 of the Dungeon
  3343 | D:3      | Noticed Natasha
  3351 | D:3      | Killed Natasha
  3547 | D:3      | Found a runed translucent gate.
  3548 | D:3      | Found a runed translucent gate.
  3548 | D:3      | Noticed zoutzakje's ghost (amateur TrBr)
  3549 | D:3      | Found a runed translucent gate.
  3549 | D:3      | Identified the +1 leather armour "Tast" {rF- Str+5 Int+2
                  | Dex-3 Slay+4}
  3579 | D:3      | Noticed Natasha
  3585 | D:3      | Killed Natasha
  4061 | D:3      | Noticed Natasha
  4070 | D:3      | Killed Natasha
  4382 | D:3      | Reached XP level 7. HP: 60/60 MP: 6/6
  4465 | D:3      | HP: 3/60 [zoutzakje's ghost (1)]
  4470 | D:3      | Slain by zoutzakje's ghost

Illustrated notes

Levels and vault maps discovered:
D:1:      dpeg_arrival_round_a, layout_basic, serial_shops,
          nicolae_shop_advertising_works [nicolae_subvault_shop_adworks],
          ebering_ecumenical_altar_petrified, st_stairs_13, serial_bayou_pond_e,
          nrook_loot_triangle, nicolae_figureground_pulse
D:2:      layout_loops_ring, minmay_puff
D:3:      layout_loops_ring, serial_forest, infiniplex_forest_side_room,
          infiniplex_forest_clump_diagonal, infiniplex_forest_straight_5,
          infiniplex_forest_lined_corner, infiniplex_forest_lined_room_2,
          biasface_ghost_orc_armoury, nrook_mini_backslash, uniq_natasha
D:4:      layout_layer_cave, minmay_temple_entry_large_hall, serial_shops,
          nicolae_shop_hallway_plus, uniq_grinder, uniq_blork_the_orc
D:5:      layout_cave_pools, kennysheep_generic_room_7
D:6:      layout_gridville, mainiacjoe_overflow_concentric_impassable,
          dk_noncrumbling_3, uniq_eustachio

Skill      XL: |  1  2  3  4  5  6 |
---------------+-------------------+-----
Axes           | 4 |  4.8
Fighting       | 4 |  4.5
Armour         | 3 4 |  4.9
Short Blades   | 1 2 3 |  3.4
Dodging        | 4 |  4.6
Stealth        | 2 |  2.2

Action                   |  1- 3 |  4- 6 |  7- 9 || total
-------------------------+-------+-------+-------++-------
Melee: Hand axe          |    35 |       |       ||    35
       Headbutt          |     9 |     8 |     6 ||    23
       Short sword       |    41 |    56 |    21 ||   118
       Punch             |     1 |       |     1 ||     2
Throw: Stone             |       |     3 |     2 ||     5
  Use: Potion            |       |       |     2 ||     2
Armor: Ring mail         |    20 |       |       ||    20
       Robe              |     1 |       |       ||     1
       Chain mail        |    15 |    25 |    12 ||    52
Dodge: Dodged            |    50 |    26 |     5 ||    81
